 Dungeon Crawl Stone Soup version bcrawl-1.28.1b (webtiles) character file.

Game seed: 16940526875772476453

395741 Adamkad1 the Changer (level 8, 0/67 HPs)
             Began as a Grey Draconian Transmuter on Dec 12, 2020.
             Was an Initiate of Sif Muna.
             Slain by an orc priest
             ... wielding a +2 dagger of holy wrath
              (3 damage)
             ... on level 3 of the Dungeon.
             The game lasted 00:05:22 (2789 turns).

Adamkad1 the Changer (Grey Draconian Transmuter)    Turns: 2789, Time: 00:05:23

Health: 0/67       AC:  2    Str: 15    XL:     8   Next: 41%
Magic:  13/14      EV: 22    Int: 13    God:    Sif Muna [......]
Gold:   79         SH:  0    Dex: 17    Spells: 6/15 levels left

rFire    . . .     SeeInvis .     - Fangs (venom) (12.4)
rCold    . . .     Gourm    .   (shield currently unavailable)
rNeg     . . .     Faith    .   (armour unavailable)
rPois    x         Spirit   .   (helmet currently unavailable)
rElec    +         Reflect  .   (cloak currently unavailable)
rCorr    .         Harm     .   (gloves currently unavailable)
MR       .....                  (boots currently unavailable)
Stlth    ++........             (no amulet)
HPRegen  0.21/turn              f - ring of insulation
MPRegen  0.14/turn              (no ring)

@: lethally poisoned (0 -> -6), spider-form (expiring)
A: tiny, (walk through water), unfitting armour, AC +11
a: End Transformation, Divine Energy, Renounce Religion


You were on level 3 of the Dungeon.
You worshipped Sif Muna.
Sif Muna was noncommittal.
You were not hungry.
You were a venomous arachnid creature.
You visited 2 branches of the dungeon, and saw 6 of its levels.

You collected 79 gold pieces.

Inventory:

Missiles
 a - 310 arrows
Jewellery
 f - a ring of insulation (left front leg)
Scrolls
 b - a scroll of enchant weapon {unknown}
 d - 5 scrolls of identify
 i - a scroll of enchant armour
 j - a scroll of immolation {unknown}
 k - a scroll of remove curse {unknown}
Potions
 c - a potion of brilliance {unknown}
 g - a potion of curing {unknown}
 h - 3 potions of haste {unknown}
 m - a potion of mutation {unknown}
Comestibles
 e - 5 rations {!d}
 l - 6 chunks of flesh


   Skills:
 + Level 4.5 Fighting
 + Level 4.2 Dodging
 + Level 5.1 Unarmed Combat
 + Level 4.3 Spellcasting
 * Level 6.2 Transmutations


You had 6 spell levels left.
You knew the following spells:

 Your Spells              Type           Power        Failure   Level  Hunger
a - Beastly Appendage     Tmut           ###...       7%          1    None
b - Spider Form           Tmut/Pois      ##.          36%         3    ###....
c - Blade Hands           Tmut           ###.......   63%         5    ######.

Your spell library contained the following spells:

 Spells                   Type           Power        Failure   Level  Hunger
 Sticks to Snakes         Tmut           ###.....     9%          2    None
 Passwall                 Tmut/Erth      ##......     22%         2    None
 Ice Form                 Ice/Tmut       ##......     71%         4    #####..


Dungeon Overview and Level Annotations

Branches:
Dungeon (5/12)             Temple (1/1) D:4

Altars:
Cheibriados
Dithmenos
Gozag
Lugonu
Makhleb
Okawaru
Qazlal
Sif Muna
Xom
The Shining One

Annotations:
D:3 Robin


Innate Abilities, Weirdness & Mutations

((You can walk through water.))
((Your dull iron-grey scales are very hard. (AC +11)))
You cannot fit into any form of body armour.
((You can survive without breathing.))
((You are cold-blooded and may be slowed by cold attacks.))


Message History

Pain shoots through your body!
Okay, then.
You feel sick. The orc closely misses you. The worm bites you!
* * * LOW HITPOINT WARNING * * *
You see here a +0 hand axe.
You hit the orc priest.
The orc priest is poisoned.
The orc priest is moderately wounded.
You feel sick.
The orc priest hits you with a +2 dagger of holy wrath.
* * * LOW HITPOINT WARNING * * *
The orc completely misses you.
You feel sick. The orc priest misses you. The orc completely misses you.
The worm bites you.
* * * LOW HITPOINT WARNING * * *
You barely miss the orc priest.
The orc priest is moderately wounded.
* * * LOW HITPOINT WARNING * * *
You feel sick.
The orc priest hits you with a +2 dagger of holy wrath.
You die...

#.g #.# ##.# ..g
#.# ..g #.# ..
#.. . ###
#########
#........
+........
.#######so......
......#)w......
#....o)#######
#......#
#......###.#
#..........# ###
#.....####.###
#.#
####+#.......+
#.## #.###.###


You could see a worm, an orc priest and an orc.

Vanquished Creatures
  A two-headed ogre (D:5)
  Grinder (D:4)
  2 ice beasts (D:4)
  A howler monkey (D:5)
  A jelly (D:5)
  2 crimson imps (D:4)
  A hound (D:4)
  2 orc priests (D:4)
  Ijyb (D:3)
  A worker ant (D:4)
  A hound skeleton (D:4)
  An adder (D:4)
  A shadow imp (D:4)
  2 worms
  2 dart slugs
  2 leopard geckos (D:3)
  8 orcs
  4 bats (D:1)
  9 goblins
  3 hobgoblins
  2 jackals (D:5)
  2 kobolds (D:3)
  A frilled lizard (D:4)
  A rat (D:3)
52 creatures vanquished.

Notes
Turn   | Place    | Note
-------+----------+-------------------------------------------
     0 | D:1      | Adamkad1 the Draconian Transmuter began the quest for the
                  | Orb.
     0 | D:1      | Reached XP level 1. HP: 16/16 MP: 3/3
   182 | D:1      | Reached XP level 2. HP: 23/23 MP: 3/5
   419 | D:3      | Noticed Ijyb
   447 | D:3      | Killed Ijyb
   448 | D:3      | Reached XP level 3. HP: 3/29 MP: 6/6
   634 | D:3      | Noticed Robin
   658 | D:4      | Learned a level 3 spell: Spider Form
   676 | D:4      | Reached XP level 4. HP: 20/36 MP: 5/7
   796 | D:4      | Noticed an ice beast
   840 | D:4      | Killed an ice beast
   841 | D:4      | Reached skill level 3 in Transmutations
   841 | D:4      | Reached XP level 5. HP: 8/42 MP: 4/9
  1146 | D:4      | Noticed Grinder
  1148 | D:4      | Found a burning altar of Makhleb.
  1168 | D:4      | Reached XP level 6. HP: 45/50 MP: 8/10
  1180 | D:4      | Paralysed by Grinder for 4 turns
  1188 | D:4      | Paralysed by Grinder for 2 turns
  1192 | D:4      | Killed Grinder
  1193 | D:4      | Reached skill level 4 in Transmutations
  1438 | D:4      | Found a staircase to the Ecumenical Temple.
  1469 | D:4      | Noticed an ice beast
  1485 | D:4      | Killed an ice beast
  1486 | D:4      | Your scales start taking on a dull iron-grey colour.
  1486 | D:4      | Reached XP level 7. HP: 46/57 MP: 2/12
  1486 | D:4      | Gained mutation: You can survive without breathing. [Grey
                  | Draconian growth]
  1778 | D:5      | Entered Level 5 of the Dungeon
  1783 | D:5      | Found a glowing golden altar of the Shining One.
  1838 | D:5      | Noticed a two-headed ogre
  1893 | D:5      | Killed a two-headed ogre
  1894 | D:5      | Reached skill level 5 in Unarmed Combat
  1894 | D:5      | Reached skill level 6 in Transmutations
  1894 | D:5      | Reached XP level 8. HP: 23/67 MP: 9/14
  2078 | D:5      | Learned a level 5 spell: Blade Hands
  2310 | D:5      | Found an opulent altar of Gozag.
  2571 | Temple   | Entered the Ecumenical Temple
  2593 | Temple   | Became a worshipper of Sif Muna the Loreminder
  2789 | D:3      | HP: 3/67 [poisoned by an orc]
  2789 | D:3      | Slain by an orc priest

Skill      XL: |  1  2  3  4  5  6  7 |
---------------+----------------------+-----
Dodging        | 2 3 4 |  4.2
Fighting       | 2 3 4 |  4.5
Transmutations | 3 4 6 |  6.2
Spellcasting   | 3 4 |  4.3
Unarmed Combat | 4 5 |  5.1

Action                   |  1- 3 |  4- 6 |  7- 9 || total
-------------------------+-------+-------+-------++-------
Melee: Unarmed           |    76 |    60 |    84 ||   220
       Headbutt          |     9 |     1 |       ||    10
       Kick              |     3 |       |       ||     3
       Punch             |     1 |     2 |       ||     3
       Tailslap          |     3 |     2 |     1 ||     6
 Cast: Beastly Appendage |    15 |     3 |       ||    18
       Spider Form       |       |     4 |    14 ||    18
Evoke: Wand              |       |     1 |       ||     1
  Use: Potion            |       |     2 |       ||     2
       Scroll            |       |       |     2 ||     2
  Eat: Chunk             |     1 |     6 |     8 ||    15
Armor: Skin              |    22 |     8 |     5 ||    35
Dodge: Dodged            |    44 |    37 |    67 ||   148
